 Dungeon Crawl Stone Soup version 0.30-a0-722-g3e6e8c874d (webtiles) character file.

Game seed: 4161755671893177174

52226 CoinPitGoblin the Marksdemonspawn (level 14, -5/115 HPs)
             Began as a Demonspawn Hunter on Jan 28, 2023.
             Was an Elder of Makhleb.
             Killed from afar by a lich (14 damage)
             ... with a bolt of cold
             ... on level 3 of the Abyss.
             The game lasted 00:47:19 (16874 turns).

CoinPitGoblin the Marksdemonspawn (DsHu)           Turns: 16874, Time: 00:47:20

Health: -5/115     AC: 11    Str: 22    XL:     14   Next: 26%
Magic:  0/25       EV: 16    Int: 13    God:    Makhleb [****..]
Gold:   2096       SH:  0    Dex: 21    Spells: 10/14 levels left

rFire   + . .      SeeInvis .    a - +2 shortbow (elec)
rCold   + . .      Faith    .    (shield currently unavailable)
rNeg    + . .      Spirit   +    x - +0 leather armour of the Known World {rF+ rC+ Str+3}
rPois   +          Reflect  .    (helmet unavailable)
rElec   +          Harm     .    o - +0 cloak
rCorr   +          Rampage  .    H - +2 pair of gloves
Will    +....                    V - +2 pair of boots
Stlth   ++                       e - amulet of magic regeneration
HPRegen 0.00/turn                r - ring "Ididig" {rElec rPois rCorr Str+6 Int+3}
MPRegen 0.78/turn                O - ring of positive energy

@: about to teleport, inhibited regen, slowed, studying Transmutations, unable
to drink, very slow
A: horns 3, thin metallic scales 2, ignite blood 3, magic shield, magic
regeneration, inhibited regeneration, [deformed body], [inability to drink after
injury 2]
a: Renounce Religion, Minor Destruction, Lesser Servant of Makhleb, Major
Destruction


You were on level 3 of the Abyss.
You worshipped Makhleb.
Makhleb was greatly pleased with you.
You visited 3 branches of the dungeon, and saw 17 of its levels.
You visited the Abyss 1 time.

You collected 2096 gold pieces.

Inventory:

Hand Weapons
 a - a +2 shortbow of electrocution (weapon)
 b - a +4 dagger
 c - a +1 short sword of electrocution
 y - a +2 dagger of venom
Missiles
 N - 5 throwing nets
Armour
 f - a +0 troll leather armour
 o - a +0 cloak (worn)
 u - a +2 tower shield
 x - the +0 leather armour of the Known World (worn) {rF+ rC+ Str+3}
   (You found it on level 6 of the Dungeon)

   Str:       It affects your strength (+3).
   rF:        It protects you from fire.
   rC:        It protects you from cold.
 H - a +2 pair of gloves (worn)
 S - the +1 buckler of Ashenzari's Pride {Dex+3}
   (You found it on level 3 of the Lair of Beasts)

   Dex:       It affects your dexterity (+3).
 V - a +2 pair of boots (worn)
Jewellery
 e - an amulet of magic regeneration (around neck)
 r - the ring "Ididig" (left hand) {rElec rPois rCorr Str+6 Int+3}
   (You found it on level 3 of the Dungeon)

   [ring of strength]

   Str:       It affects your strength (+6).
   Int:       It affects your intelligence (+3).
   rElec:     It insulates you from electricity.
   rPois:     It protects you from poison.
   rCorr:     It protects you from acid and corrosion.
 B - a +6 ring of intelligence
 J - a ring of magical power
 O - a ring of positive energy (right hand)
 W - a ring of wizardry
Wands
 p - a wand of flame (37)
 z - a wand of paralysis (21)
 E - a wand of digging (4)
 K - a wand of iceblast (6)
 R - a wand of acid (7)
Scrolls
 k - 2 scrolls of vulnerability
 s - 5 scrolls of teleportation
 v - a scroll of blinking
 A - a scroll of enchant weapon
 C - a scroll of fear
 D - a scroll of immolation
 G - 2 scrolls of magic mapping
 I - 3 scrolls of fog
 M - a scroll of identify
 Q - 4 scrolls of poison
 U - a scroll of enchant armour
 X - a scroll of amnesia {unknown}
Potions
 d - 2 potions of mutation
 g - 4 potions of heal wounds
 h - 2 potions of flight
 i - 11 potions of curing
 j - 4 potions of brilliance
 l - 4 potions of lignification
 m - 5 potions of ambrosia
 n - a potion of invisibility
 q - 4 potions of berserk rage
 t - 3 potions of attraction
 w - 2 potions of might
 F - 3 potions of haste
 P - a potion of cancellation {unknown}
Miscellaneous
 T - a phantom mirror


   Skills:
 + Level 12.1 Fighting
 + Level 16.3 Ranged Weapons
 + Level 0.9 Armour
 + Level 6.3 Dodging
 - Level 0.8 Stealth
 - Level 0.7 Spellcasting
 - Level 5.6 Transmutations
 * Level 14.9 Invocations


You had 10 spell levels left.
You knew the following spells:

 Your Spells              Type           Power      Damage    Failure   Level
a - Ice Form              Ice/Tmut       7%         N/A       71%         4

Your spell library contained the following spells:

 Spells                   Type           Power      Damage    Failure   Level
 Magic Dart               Conj           0%         1d3       32%         1
 Blink                    Tloc           0%         N/A       45%         2
 Cigotuvi's Dreadful Rot  Necr/Pois/Air  0%         N/A       45%         2
 Poisonous Vapours        Pois/Air       0%         N/A       45%         2
 Searing Ray              Conj           0%         2d4       45%         2
 Frozen Ramparts          Ice            0%         1d1       69%         3
 Gell's Gravitas          Tloc           0%         N/A       69%         3
 Mephitic Cloud           Conj/Pois/Air  0%         N/A       69%         3
 Teleport Other           Tloc           0%         N/A       69%         3
 Fulminant Prism          Conj/Hex       0%         3d5       97%         4
 Manifold Assault         Tloc           0%         N/A       97%         4
 Olgreb's Toxic Radiance  Pois           0%         N/A       97%         4
 Summon Ice Beast         Ice/Summ       0%         N/A       97%         4
 Fireball                 Conj/Fire      0%         3d3       100%        5
 Iskenderun's Battlesphe  Conj           0%         2d6       100%        5
 Conjure Ball Lightning   Conj/Air       0%         3x3d6     100%        6
 Dispersal                Tloc           0%         N/A       100%        6
 Orb of Destruction       Conj           0%         9d5       100%        7
 Ozocubu's Refrigeration  Ice            0%         4d7       100%        7
 Storm Form               Tmut/Air       3%         N/A       100%        7
 Ignition                 Fire           0%         3d3       100%        8


Dungeon Overview and Level Annotations

Branches:
Dungeon (11/15)            Temple (1/1) D:7            Lair (5/5) D:9
 Shoals (0/4) Lair:2       Spider (0/4) Lair:2        Slime (0/5) Lair:4
    Orc (0/2) D:10

Altars:
Ashenzari
Cheibriados
Dithmenos
Fedhas
Gozag
Hepliaklqana
Kikubaaqudgha
Makhleb
Nemelex Xobeh
Okawaru
Qazlal
Ru
Sif Muna
Trog
Uskayaw
Vehumet
Wu Jian
Xom
Yredelemnul
Jiyva

Annotations:
D:9 1 runed translucent door, TimeIsEndless's ghost, novice OgRe
Lair:1 3 runed translucent doors, toympanos's ghost, novice GnWn


Innate Abilities, Weirdness & Mutations

You have a pair of large horns on your head.
You are mostly covered in thin metallic scales. (AC +3)
Your demonic aura causes all spilled blood to erupt in flames.
When hurt, damage is shared between your health and your magic reserves.
You regenerate magic rapidly.
You do not regenerate when monsters are visible.
[Armour fits poorly on your strangely shaped body.]
[You sometimes lose the ability to drink potions when taking damage.]


Message History

The wretched star glows turbulently.
The lance of force hits you!!
The lich points at you and mumbles some strange words.
You barely resist.
You are too injured to fight recklessly!
You are too injured to fight recklessly!
You are too injured to fight recklessly!
You are too injured to fight recklessly!
Fire: a) +2 shortbow (elec)
Press: ? - help, Shift-Dir - straight line, f/p - wretched star
Aim: a wretched star (heavily damaged, 75% to hit)
You shoot an arrow. The arrow hits the wretched star!
The wretched star is severely damaged.
Unknown command.
Fire: a) +2 shortbow (elec)
Press: ? - help, Shift-Dir - straight line, f/p - wretched star
Aim: a wretched star (severely damaged, 75% to hit)
You shoot an arrow.
The arrow barely misses the wretched star.
The wretched star glows turbulently.
The lance of force hits you!
The lich points at you and mumbles some strange words.
The bolt of cold hits you! You resist.
* * * LOW HITPOINT WARNING * * *
You hear a sizzling sound!
The ynoxinul gestures.
Unknown command.
Unknown command.
As you read the scroll of teleportation, it crumbles to dust.
You feel strangely unstable.
You feel the power of the Abyss delaying your translocation!
The wretched star glows turbulently.
The lance of force hits you!!
* * * LOW HITPOINT WARNING * * *
The lich casts a spell at you.
The bolt of cold hits the ufetubus!!
The ufetubus resists.
The ufetubus dies!
The ufetubus disappears in a puff of smoke!
The bolt of cold hits you!! You resist.
You die...

..#.... .#
......... ..#.
.. .##....... .
#..#........ .#
#..#.#...#.# .
........#. ..
#..L........##
.####..☼§###..#
.......§@.....#
.....#*#3###.#
###...5.#5#..#
#......#.##
#....# #...
#.##.#.3. .#.
... .. #..... .
..# ... # ..#
## ### ###


You could see a lich, a wretched star, a ynoxinul and 2 ufetubi.

Vanquished Creatures
  2 tentacled starspawn (Abyss:1)
  A catoblepas (Lair:1)
  Harold (Lair:2)
  3 hydras (Lair:5)
  A boulder beetle (Lair:3)
  6 death yaks
  A thrashing horror (Abyss:1)
  2 soul eaters (Abyss:1)
  Nergalle (D:10)
  Amaemon (Lair:2)
  A sixfirhy (Abyss:1)
  Pikel (D:4)
  An ugly thing (Lair:5)
  7 elephants
  Joseph (D:8)
  2 black mambas
  2 merfolk sirens (Lair:2)
  An apocalypse crab (Abyss:1)
  9 cane toads
  2 torpor snails
  3 smoke demons
  An orange demon (Lair:2)
  Maggie (D:7)
  2 rime drakes
  6 komodo dragons
  A kobold demonologist (D:10)
  2 ancient zymes (Lair:5)
  2 merfolk (Lair:2)
  3 trolls (D:10)
  A hornet (D:9)
  4 polar bears
  18 blink frogs
  A raiju (Abyss:1)
  7 dream sheep (Lair:2)
  3 large abominations
  2 ynoxinuls
  A spriggan (Lair:3)
  A vampire (D:9)
  5 wyverns
  34 yaks
  Eustachio (D:6)
  3 basilisks
  A steam dragon (Lair:3)
  A chaos spawn (Abyss:2)
  27 water moccasins
  Duvessa (D:7)
  2 orc warriors
  An ice beast (D:5)
  7 black bears
  4 sky beasts
  3 ogres
  12 wolves
  3 centaurs
  3 kobold brigands
  4 lemures (D:4)
  A gnoll sergeant (D:9)
  9 bullfrogs
  4 scorpions
  10 small abominations
  8 wights
  Dowan (D:7)
  9 killer bees
  3 howler monkeys (D:8)
  An electric eel (D:9)
  14 jellies (Lair:4)
  2 orc priests
  6 hounds
  7 iguanas
  6 orc wizards
  22 adders
  10 gnolls
  A white imp (D:5)
  2 ufetubi (Abyss:1)
  2 worms (D:4)
  5 dart slugs
  30 orcs
  A ball python (D:2)
  3 bats (D:1)
  10 endoplasms
  4 giant cockroaches
  2 goblins (D:4)
  3 hobgoblins
  4 jackals (D:1)
  4 quokkas
  A frilled lizard (D:3)
  33 kobolds
  7 rats
442 creatures vanquished.

Vanquished Creatures (collateral kills)
  A bone dragon (Abyss:1)
  A draconian scorcher (Abyss:1)
  A freezing wraith (Abyss:1)
  An ancient zyme (Abyss:1)
  2 chaos spawn (Abyss:1)
  A small abomination (Abyss:1)
  2 quasits (Abyss:1)
  A jelly (Abyss:1)
  An ufetubus (Abyss:1)
11 creatures vanquished.

Vanquished Creatures (others)
  3 bushes (Lair:2)
  21 fungi
  72 plants
  7 starspawn tentacles (Abyss:1)
103 creatures vanquished.

Grand Total: 556 creatures vanquished

Notes
Turn   | Place    | Note
-------+----------+-------------------------------------------
     0 | D:1      | CoinPitGoblin the Demonspawn Hunter began the quest for the
                  | Orb.
     0 | D:1      | Reached XP level 1. HP: 16/16 MP: 1/1
    98 | D:1      | Reached skill level 1 in Invocations
   138 | D:1      | Gained mutation: Your demonic aura sometimes causes spilled
                  | blood to erupt in flames. [demonic ancestry]
   138 | D:1      | Reached XP level 2. HP: 20/22 MP: 1/3
   162 | D:1      | Found a faded altar of an unknown god.
  1235 | D:2      | Gained mutation: Your demonic aura often causes spilled
                  | blood to erupt in flames. [demonic ancestry]
  1235 | D:2      | Reached XP level 3. HP: 28/28 MP: 3/5
  1861 | D:3      | Identified the ring "Ididig" {rElec rPois rCorr Str+6
                  | Int+3}
  2283 | D:3      | HP: 1/28 [gnoll/+0 halberd (10)]
  2285 | D:3      | Gained mutation: You regenerate magic rapidly. [demonic
                  | ancestry]
  2285 | D:3      | Reached XP level 4. HP: 1/35 MP: 6/6
  2484 | D:4      | Noticed a scorpion
  2520 | D:3      | Killed a scorpion
  2642 | D:4      | Noticed a lemure
  2644 | D:4      | Noticed a lemure
  2644 | D:4      | Noticed a lemure
  2668 | D:4      | Killed a lemure
  2767 | D:4      | Killed a lemure
  2797 | D:4      | Noticed a lemure
  2803 | D:4      | Noticed Pikel
  2809 | D:4      | Killed a lemure
  2942 | D:4      | Killed a lemure
  2944 | D:4      | Killed Pikel
  2945 | D:4      | Reached skill level 5 in Ranged Weapons
  2945 | D:4      | Reached skill level 5 in Invocations
  2945 | D:4      | Gained mutation: When hurt, damage is shared between your
                  | health and your magic reserves. [demonic ancestry]
  2945 | D:4      | Reached XP level 5. HP: 40/43 MP: 7/9
  2945 | D:4      | Gained mutation: Your demonic aura causes all spilled blood
                  | to erupt in flames. [demonic ancestry]
  2945 | D:4      | Reached XP level 6. HP: 46/49 MP: 7/10
  2945 | D:4      | Reached XP level 7. HP: 51/55 MP: 7/11
  3087 | D:4      | Reached skill level 5 in Fighting
  3471 | D:5      | Entered Level 5 of the Dungeon
  3570 | D:5      | Reached skill level 6 in Ranged Weapons
  3627 | D:5      | Gained mutation: You have a pair of small horns on your
                  | head. [demonic ancestry]
  3627 | D:5      | Reached XP level 8. HP: 54/62 MP: 12/12
  4585 | D:6      | Reached skill level 7 in Ranged Weapons
  4941 | D:6      | Found a sacrificial altar of Ru.
  5027 | D:6      | Reached skill level 8 in Ranged Weapons
  5027 | D:6      | Reached XP level 9. HP: 49/69 MP: 12/14
  5489 | D:6      | Noticed Eustachio
  5491 | D:6      | Killed Eustachio
  5519 | D:6      | Identified the +0 leather armour of the Known World {rF+
                  | rC+ Str+3}
  5974 | D:7      | Noticed Duvessa
  5974 | D:7      | Noticed Dowan
  5977 | D:7      | Killed Duvessa
  5987 | D:7      | Killed Dowan
  5988 | D:7      | Reached skill level 9 in Ranged Weapons
  6402 | D:7      | Found a staircase to the Ecumenical Temple.
  6985 | Temple   | Entered the Ecumenical Temple
  7158 | Temple   | Became a worshipper of Makhleb the Destroyer
  7356 | D:8      | Noticed Maggie
  7366 | D:7      | Killed Maggie
  7534 | D:7      | Reached skill level 10 in Ranged Weapons
  7667 | D:8      | Noticed Joseph
  7672 | D:8      | Killed Joseph
  7673 | D:8      | Gained mutation: You are partially covered in thin metallic
                  | scales. (AC +2) [demonic ancestry]
  7673 | D:8      | Reached XP level 10. HP: 65/79 MP: 12/16
  8601 | D:9      | Reached * piety under Makhleb
  8912 | D:9      | Found a staircase to the Lair.
  8913 | D:9      | Noticed an elephant
  8916 | D:9      | Reached skill level 11 in Ranged Weapons
  8921 | D:9      | Killed an elephant
  9137 | D:9      | Found a runed translucent door.
  9138 | D:9      | Noticed TimeIsEndless's ghost (novice OgRe)
  9140 | D:9      | Identified the +7 spear "Himeodd" {drain, Int+2}
  9341 | D:9      | Found a hide-covered altar of Uskayaw.
  9513 | D:10     | Entered Level 10 of the Dungeon
  9527 | D:10     | Found Jojee's Armour Shop.
  9534 | D:10     | Reached skill level 10 in Invocations
  9556 | D:10     | Found a staircase to the Orcish Mines.
  9879 | D:10     | Gained mutation: You have a pair of horns on your head.
                  | [demonic ancestry]
  9879 | D:10     | Reached XP level 11. HP: 86/86 MP: 18/18
 10057 | D:11     | Noticed Nergalle
 10063 | D:10     | Noticed a spectral orc warlord
 10066 | D:10     | Killed Nergalle
 10066 | D:10     | Reached ** piety under Makhleb
 10107 | Lair:1   | Entered Level 1 of the Lair of Beasts
 10268 | Lair:1   | Reached skill level 12 in Ranged Weapons
 10296 | Lair:1   | Noticed a catoblepas
 10306 | Lair:1   | Killed a catoblepas
 10435 | Lair:1   | Found a runed translucent gate.
 10436 | Lair:1   | Found a runed translucent gate.
 10436 | Lair:1   | Found a runed translucent gate.
 10440 | Lair:1   | Noticed toympanos's ghost (novice GnWn)
 11125 | Lair:2   | Found a hole to the Spider Nest.
 11595 | Lair:2   | Reached skill level 13 in Ranged Weapons
 11616 | Lair:2   | Found a staircase to the Shoals.
 11725 | Lair:2   | Reached *** piety under Makhleb
 11885 | Lair:2   | Noticed Harold
 11890 | Lair:2   | Killed Harold
 11891 | Lair:2   | Reached XP level 12. HP: 96/96 MP: 18/21
 12032 | Lair:2   | Reached skill level 5 in Dodging
 12063 | Lair:2   | Noticed Amaemon
 12066 | Lair:2   | Killed Amaemon
 12680 | Lair:3   | Reached skill level 14 in Ranged Weapons
 12685 | Lair:3   | Reached **** piety under Makhleb
 12856 | Lair:3   | Reached skill level 10 in Fighting
 12921 | Lair:3   | Identified the +1 buckler of Ashenzari's Pride {Dex+3}
 13039 | Lair:3   | Noticed a boulder beetle
 13074 | Lair:3   | Killed a boulder beetle
 13201 | Lair:3   | Noticed a death yak
 13202 | Lair:3   | Noticed a death yak
 13204 | Lair:3   | Noticed a death yak
 13205 | Lair:3   | Noticed a death yak
 13211 | Lair:3   | Killed a death yak
 13212 | Lair:3   | Killed a death yak
 13216 | Lair:3   | Killed a death yak
 13219 | Lair:3   | Killed a death yak
 13522 | Lair:3   | Gained mutation: You are mostly covered in thin metallic
                  | scales. (AC +3) [demonic ancestry]
 13522 | Lair:3   | Reached XP level 13. HP: 100/104 MP: 19/22
 13892 | Lair:4   | Found a staircase to the Slime Pits.
 13899 | Lair:4   | Found a viscous altar of Jiyva.
 13934 | Lair:4   | Reached skill level 15 in Ranged Weapons
 14130 | Lair:4   | Identified a scroll of acquirement
 14139 | Lair:4   | Acquired a manual of Transmutations
 14146 | Lair:4   | Learned a level 4 spell: Ice Form
 14153 | Lair:4   | Reached ***** piety under Makhleb
 14348 | Lair:4   | Reached skill level 1 in Transmutations
 14839 | Lair:5   | Entered Level 5 of the Lair of Beasts
 15618 | Lair:5   | Gained mutation: You do not regenerate when monsters are
                  | visible. [mutagenic glow]
 15837 | Lair:5   | Reached skill level 16 in Ranged Weapons
 15846 | Abyss:1  | Cast into level 1 of the Abyss (spriggan)
 15884 | Abyss:1  | Reached skill level 5 in Transmutations
 16141 | Abyss:1  | Gained mutation: You have a pair of large horns on your
                  | head. [demonic ancestry]
 16141 | Abyss:1  | Reached XP level 14. HP: 81/114 MP: 24/24
 16141 | Abyss:1  | Noticed a bone dragon
 16152 | Abyss:1  | Killed a bone dragon
 16328 | Abyss:1  | Noticed a tentacled starspawn
 16348 | Abyss:1  | Killed a tentacled starspawn
 16457 | Abyss:1  | Noticed a tentacled starspawn
 16460 | Abyss:1  | Noticed a red draconian scorcher
 16466 | Abyss:1  | Killed a red draconian scorcher
 16481 | Abyss:1  | Killed a tentacled starspawn
 16822 | Abyss:2  | Acquired 908 gold pieces
 16844 | Abyss:2  | Noticed a cacodemon
 16868 | Abyss:3  | Noticed a lich
 16874 | Abyss:3  | Killed from afar by a lich

Illustrated notes

Levels and vault maps discovered:
D:1:      saegor_arrival_simple_c, layout_basic,
          dreamdust_ecumenical_altar_statues
D:2:      layout_basic
D:3:      layout_loops_ring
D:4:      layout_basic, amcnicky_mini_rare_corridor_liquid, uniq_pikel
D:5:      layout_basic
D:6:      kennysheep_kobold_camp, layout_basic,
          mainiacjoe_overflow_tiny_flanked, uniq_eustachio
D:7:      layout_basic, dreamdust_divine_triumvirate, temple_hall, uniq_duvessa
D:8:      layout_basic, uniq_maggie, uniq_joseph
D:9:      layout_big_octagon, nicolae_uskayaw_dance_studio, david_lair_generic,
          serial_column_ruins, column_ruins_grid_1,
          column_ruins_columns_straight, column_ruins_grid_1,
          column_ruins_corridor_straight, column_ruins_open_tiny,
          ebering_ghost_funeral_grove, kennysheep_generic_room_2
D:10:     layout_cave_pools, orc_david_3
D:11:     layout_loops_ring, gauntlet_entry_generic,
          chequers_serial_rivers_micro_b, uniq_nergalle
Temple:   nicolae_temple_bog_church
Lair:1:   layout_big_grid, gammafunk_ghost_necromancy
Lair:2:   lemuel_reptile_caves, layout_gridlike, elwin_shoals_entry_stream,
          spider_nest_entry_web_field, nicolae_lair_grazing_beasts
          [nicolae_sub_lair_graze_edge, nicolae_sub_lair_graze_edge,
          nicolae_sub_lair_graze_edge, nicolae_sub_lair_graze_edge],
          uniq_amaemon, uniq_harold
Lair:3:   layout_small_grid, chequers_serial_rivers_micro_e,
          grunt_forest_stairs_clearing
Lair:4:   layout_roguey, minmay_slime_entry_jelly_boxes, grunt_megastairs_1
Lair:5:   hellmonk_lair_end_abyssal_woods, layout_regular_city
Abyss:3:  base: D:15, evilmike_abyss_exit_vortex

Skill      XL: |  1  2  3  4  5  6  7  8  9 10 11 12 13 14 |
---------------+-------------------------------------------+-----
Invocations    | 1 2 3 5 6 7 8 10 12 13 14 | 14.9
Dodging        | 2 3 4 5 6 |  6.3
Fighting       | 3 4 5 6 7 8 9 10 11 12 | 12.1
Ranged Weapons | 5 6 8 10 11 13 14 16 | 16.3
Transmutations | 5 |  5.6
Armour         | |  0.9
Stealth        | |  0.8
Spellcasting   | |  0.7

Action                     |  1- 3 |  4- 6 |  7- 9 | 10-12 | 13-15 || total
---------------------------+-------+-------+-------+-------+-------++-------
  Melee: Unarmed           |       |       |       |       |     8 ||     8
         Short sword       |       |       |       |       |     3 ||     3
   Fire: Shortbow          |    60 |    54 |   350 |   451 |   438 ||  1353
   Cast: Ice Form          |       |       |       |       |     1 ||     1
 Invoke: Minor Destruction |       |       |       |    12 |       ||    12
         Lesser Servant of |       |       |       |       |    12 ||    12
         Greater Servant o |       |       |       |       |     2 ||     2
    Use: Scroll            |     6 |     7 |     8 |     4 |    12 ||    37
         Potion            |       |       |       |     2 |       ||     2
   Stab: Paralysed         |       |       |       |       |     3 ||     3
 Armour: Leather armour    |     1 |    10 |    19 |    78 |    77 ||   185
         Skin              |       |       |       |       |     2 ||     2
  Dodge: Dodged            |    11 |    11 |   100 |   221 |   124 ||   467

Table legend: (Time is in decaauts)
 A = Elapsed time spent in this place.
 B = Non-inter-level travel time spent in this place.
 C = Inter-level travel time spent in this place.
 D = Time resting spent in this place.
 E = Time spent auto-exploring this place.
 F = Levels seen in this place.
 G = Mean time per level.
                   A        B        C        D        E       F      G
               +--------+--------+--------+--------+--------+-----+--------+
         Total |  17018 |  15401 |   1617 |   1362 |  11264 |  20 |  850.9 |
       Dungeon |  10025 |   8807 |   1218 |    547 |   6834 |  11 |  911.4 |
        Temple |    192 |    154 |     38 |      0 |    140 |   1 |  192.0 |
          Lair |   5799 |   5438 |    361 |    322 |   4096 |   5 | 1159.8 |
         Abyss |   1000 |   1000 |      0 |    493 |    193 |   3 |  333.3 |
               +--------+--------+--------+--------+--------+-----+--------+

Top non-repeatable levels by time:
     D:7: 1734 daAuts
  Lair:2: 1569 daAuts
  Lair:3: 1232 daAuts
     D:6: 1160 daAuts
     D:3: 1134 daAuts
  Lair:4: 1112 daAuts
     D:5: 1036 daAuts
  Lair:1: 1034 daAuts
     D:1: 984 daAuts
     D:9: 982 daAuts
     D:8: 910 daAuts
  Lair:5: 850 daAuts
 Abyss:1: 794 daAuts
     D:4: 778 daAuts
     D:2: 711 daAuts
